 Dungeon Crawl Stone Soup version 0.21.1-1-g345015f (webtiles) character file.

157 wojtek the Grave Robber (level 5, -3/28 HPs)
             Began as a Kobold Necromancer on July 8, 2018.
             Slain by spiff's ghost (5 damage)
             ... on level 4 of the Dungeon.
             The game lasted 00:06:08 (3911 turns).

wojtek the Grave Robber (Kobold Necromancer)        Turns: 3911, Time: 00:06:09

Health: -3/28      AC:  2    Str:  6    XL:     5   Next: 66%
Magic:  7/8        EV: 15    Int: 17    God:
Gold:   84         SH:  0    Dex: 15    Spells: 3/8 levels left

rFire    . . .     SeeInvis .   f - +0 dagger
rCold    . . .     Gourm    .   (shield restricted)
rNeg     . . .     Faith    .   a - +0 robe
rPois    .         Spirit   .   (no helmet)
rElec    .         Reflect  .   (no cloak)
rCorr    .         Harm     .   (no gloves)
MR       .....                  (no boots)
Stlth    ++........             (no amulet)
HPRegen  0.09/turn              (no ring)
MPRegen  0.11/turn              (no ring)

@: no status effects
A: small, carnivore
a: no special abilities


You were on level 4 of the Dungeon.
You were not hungry.

You visited 1 branch of the dungeon, and saw 4 of its levels.

You collected 84 gold pieces.

Inventory:

Hand Weapons
 f - a +0 dagger (weapon)
Missiles
 e - 5 tomahawks (quivered)
Armour
 a - a +0 robe (worn)
 q - a +1 pair of gloves of archery
Wands
 m - a wand of random effects (18)
Scrolls
 h - 3 scrolls of identify
 i - a scroll of immolation {unknown}
 j - 2 scrolls of random uselessness
 n - a scroll of remove curse
Potions
 k - a potion of haste {unknown}
 l - 2 potions of berserk rage {unknown}
 o - 2 potions of ambrosia {unknown}
 p - a potion of mutation {unknown}
Books
 b - a book of Necromancy

   Spells                             Type                      Level
   a - Pain                           Necromancy                   1
   b - Animate Skeleton               Necromancy                   1
   c - Vampiric Draining              Necromancy                   3
   d - Regeneration                   Charms/Necromancy            3
   e - Animate Dead                   Necromancy                   4
   f - Borgnjor's Vile Clutch         Necromancy/Earth             5
Comestibles
 c - 5 rations


   Skills:
 - Level 2.4 Dodging
 - Level 2.6 Stealth
 - Level 2.1 Spellcasting
 + Level 6.5 Necromancy


You had 3 spell levels left.
You knew the following spells:

 Your Spells              Type           Power        Failure   Level  Hunger
a - Pain                  Necr           ###.         1%          1    #......
d - Animate Dead          Necr           N/A          13%         4    #####..


Dungeon Overview and Level Annotations

Branches:
Dungeon (4/15)
 Temple: D:4-7

Altars:
Uskayaw
Xom

Annotations:
D:4 spiff's ghost, amateur DrCj


Innate Abilities, Weirdness & Mutations

You are small and have problems with some larger weapons.
You are carnivorous and can eat meat at any time.


Message History

Spiff's ghost closely misses you.
You hear a shout!
As you read the scroll labeled ACKOG RUUSS, it crumbles to dust.
It is a scroll of identify.
j - 2 scrolls of random uselessness
Okay, then.
As you read the scroll labeled BIOGAO BEFUL, it crumbles to dust.
You feel blessed for a moment.
It was a scroll of remove curse.
Spiff's ghost hits you.
* * * LOW HITPOINT WARNING * * *
As you read the scroll labeled MAEFEF NOIHOAWEPP, it crumbles to dust.
It is a scroll of enchant armour.
Your pair of glowing gloves glows green for a moment.
Spiff's ghost misses you.
As you read the scroll labeled EZOSIPP GETWI, it crumbles to dust.
You hear a loud clanging noise!
It was a scroll of noise.
You hear a shout! x4
Spiff's ghost hits you.
You die...

. ...
.....#####
.........#
.....###.#
... #.# .
#.# #W#
#@# ##w#
#.o# #.##
#.# #$#
#.# #.#
#.#


You could see a worm, spiff's ghost and an orc.

Vanquished Creatures
  An orc wizard (D:4)
  Jessica (D:2)
  2 adders (D:3)
  A worm (D:2)
  3 dart slugs
  4 leopard geckos
  6 orcs
  2 ball pythons
  4 bats
  5 giant cockroaches
  4 goblins
  4 hobgoblins
  6 jackals
  A quokka (D:3)
  4 frilled lizards
  6 kobolds
  9 rats
63 creatures vanquished.

Vanquished Creatures (collateral kills)
  A rat (D:3)
1 creature vanquished.

Grand Total: 64 creatures vanquished

Notes
Turn   | Place    | Note
-------+----------+-------------------------------------------
     0 | D:1      | wojtek the Kobold Necromancer began the quest for the Orb.
     0 | D:1      | Reached XP level 1. HP: 10/10 MP: 3/3
     6 | D:1      | Noticed an iguana
     6 | D:1      | Noticed a redback
     8 | D:1      | Noticed a black bear
     8 | D:1      | Noticed a wyvern
   348 | D:1      | Reached XP level 2. HP: 14/15 MP: 3/5
   613 | D:1      | Reached XP level 3. HP: 10/19 MP: 2/6
   989 | D:1      | Reached skill level 5 in Necromancy
  1482 | D:2      | Noticed Jessica
  1486 | D:2      | Killed Jessica
  1486 | D:2      | Reached XP level 4. HP: 21/24 MP: 3/7
  1700 | D:2      | Found a hide-covered altar of Uskayaw.
  1808 | D:2      | Learned a level 4 spell: Animate Dead
  1965 | D:2      | Found a shimmering altar of Xom.
  2535 | D:3      | Reached skill level 6 in Necromancy
  2535 | D:3      | Reached XP level 5. HP: 20/28 MP: 2/8
  3901 | D:4      | Noticed spiff's ghost (amateur DrCj)
  3911 | D:4      | Slain by spiff's ghost

Skill      XL: |  1  2  3  4 |
---------------+-------------+-----
Necromancy     | 5 6 |  6.5
Dodging        | |  2.4
Stealth        | |  2.6
Spellcasting   | |  2.1

Action                   |  1- 3 |  4- 6 || total
-------------------------+-------+-------++-------
Melee: Unarmed           |     2 |       ||     2
       Dagger            |    44 |    44 ||    88
Throw: Tomahawk          |     5 |       ||     5
 Cast: Pain              |    45 |    65 ||   110
       Animate Dead      |       |     7 ||     7
  Use: Scroll            |       |     4 ||     4
 Stab: Sleeping          |     3 |     1 ||     4
  Eat: Chunk             |    11 |     4 ||    15
Armor: Robe              |     6 |    12 ||    18
Dodge: Dodged            |    49 |    47 ||    96
